 Dungeon Crawl Stone Soup version 0.30.1-11-g7821555f0a (webtiles) character file.

Game seed: 10225937500926758264

293 Ijustatesigmund the Magician (level 6, 0/34 HPs)
             Began as a Deep Elf Earth Elementalist on Dec 5, 2023.
             Slain by Pikel
             ... wielding a +0 whip of flaming
              (6 damage)
             ... on level 4 of the Dungeon.
             The game lasted 00:06:15 (3454 turns).

Ijustatesigmund the Magician (DEEE)                 Turns: 3454, Time: 00:06:17

Health: 0/34       AC:  5    Str:  5    XL:     6   Next: 11%
Magic:  11/17      EV: 12    Int: 22    God:
Gold:   191        SH:  0    Dex: 15    Spells: 9/17 levels left

rFire   . . .        d - +0 quarterstaff
rCold   . . .        (shield currently unavailable)
rNeg    . . .        a - +0 robe
rPois   .            (no helmet)
rElec   .            t - +1 cloak
rCorr   .            p - +0 pair of gloves
SInv    .            (no boots)
Will    .....        (no amulet)
Stlth   ++           (no ring)
HPRegen 0.25/turn    (no ring)
MPRegen 0.15/turn

%: no passive effects
@: very slightly contaminated
A: no striking features
a: no special abilities


You were on level 4 of the Dungeon.
You visited 1 branch of the dungeon, and saw 4 of its levels.

You collected 191 gold pieces.

Inventory:

Hand Weapons
 d - a +0 quarterstaff (weapon)
Armour
 a - a +0 robe (worn)
 p - a +0 pair of gloves (worn)
 t - a +1 cloak (worn)
Jewellery
 w - a ring of willpower
Wands
 s - a wand of polymorph (12)
Scrolls
 c - a scroll of teleportation
 e - a scroll of magic mapping {unknown}
 g - a scroll of vulnerability {unknown}
 h - a scroll of amnesia {unknown}
 m - a scroll of immolation
 v - a scroll of fog {unknown}
Potions
 b - a potion of magic
 f - a potion of curing {unknown}
 i - 2 potions of cancellation {unknown}
 j - 3 potions of mutation {unknown}
 k - a potion of ambrosia {unknown}
 l - a potion of might {unknown}
 n - 2 potions of heal wounds {unknown}
 o - a potion of brilliance {unknown}
 q - 2 potions of degeneration {unknown}
 r - a potion of flight {unknown}
 u - a potion of experience {unknown}


   Skills:
 - Level 1.4 Fighting
 - Level 2.4 Dodging
 - Level 2.4 Stealth
 + Level 6.1 Spellcasting
 + Level 3.4 Conjurations
 + Level 0.1 Translocations
 - Level 1.1 Transmutations
 - Level 4.1 Earth Magic


You had 9 spell levels left.
You knew the following spells:

 Your Spells              Type           Power      Damage    Failure   Level
a - Sandblast             Erth           48%        2d12      1%          1
b - Stone Arrow           Conj/Erth      46%        3d9       6%          3
c - Iskenderun's Mystic   Conj/Tloc      14%        2d5       38%         4

Your spell library contained the following spells:

 Spells                   Type           Power      Damage    Failure   Level
 Passwall                 Tmut/Erth      15%        N/A       4%          2
 Dazzling Flash           Conj/Hex       28%        N/A       13%         3
 Volatile Blastmotes      Fire/Tloc      14%        2d11      26%         3
 Petrify                  Tmut/Erth      18%        N/A       30%         4
 Starburst                Conj/Fire      7%         6d4       100%        6


Dungeon Overview and Level Annotations

Branches:
Dungeon (4/15)
 Temple: D:4-7

Altars:

Annotations:
D:4 Pikel


Message History

A lemure comes into view.
Pikel hits you with a +0 whip of flaming.
Pikel burns you.
A lemure comes into view.
Casting: Sandblast (safe; 1% risk of failure)
Confirm with . or Enter, or press ? or * to list all spells.
Aiming: Sandblast (safe; 1% risk of failure)
Press: ? - help, Shift-Dir - straight line, f/p - Pikel
Aim: Pikel, wielding a +0 whip of flaming and wearing a +0 robe (severely wounded, unusually resistant, 79% to hit)
The blast of sand hits Pikel but does no damage.
Pikel is severely wounded.
Pikel hits you with a +0 whip of flaming.
Pikel burns you. Magic courses through your body.
Pikel hits you with a +0 whip of flaming.
Pikel burns you.
Casting: Sandblast (safe; 1% risk of failure)
Confirm with . or Enter, or press ? or * to list all spells.
You don't know that spell.
Unknown command.
Casting: Sandblast (safe; 1% risk of failure)
Confirm with . or Enter, or press ? or * to list all spells.
Aiming: Stone Arrow (dangerous; 6% risk of failure)
Press: ? - help, Shift-Dir - straight line, f/p - Pikel
Aim: Pikel, wielding a +0 whip of flaming and wearing a +0 robe (severely wounded, unusually resistant, 64% to hit)
The stone arrow hits Pikel!
Pikel is almost dead.
Pikel hits you with a +0 whip of flaming.
* * * LOW HITPOINT WARNING * * *
Pikel burns you.
* * * LOW HITPOINT WARNING * * *
Casting: Stone Arrow (dangerous; 6% risk of failure)
Confirm with . or Enter, or press ? or * to list all spells.
Aiming: Stone Arrow (dangerous; 6% risk of failure)
Press: ? - help, Shift-Dir - straight line, f/p - Pikel
Aim: Pikel, wielding a +0 whip of flaming and wearing a +0 robe (almost dead, unusually resistant, 64% to hit)
The stone arrow misses Pikel.
The stone arrow hits the lemure!
The lemure is heavily wounded.
Pikel hits you with a +0 whip of flaming.
You die...

########## #........#
#@# #.# #K# ###.# #5#
#...# #### #5# #...#
# ..... #5# #...# #
.....###5######.#####
#
....................#
#
...............####.#
# ...............#
#.# #


You could see Pikel (resistant) and 4 lemures.

Vanquished Creatures
  A scorpion (D:4)
  A sleepcap (D:4)
  Natasha (thrice) (D:2)
  5 adders
  4 worms
  2 dart slugs
  2 orcs (D:4)
  5 endoplasms
  A giant cockroach (D:2)
  9 goblins
  7 hobgoblins
  10 jackals
  3 kobolds
  4 quokkas
  6 ball pythons
  4 bats
  3 frilled lizards
  4 rats
74 creatures vanquished.

Notes
Turn   | Place    | Note
-------+----------+-------------------------------------------
     0 | D:1      | Ijustatesigmund the Deep Elf Earth Elementalist began the
                  | quest for the Orb.
     0 | D:1      | Reached XP level 1. HP: 10/10 MP: 6/6
   179 | D:1      | Reached XP level 2. HP: 15/15 MP: 5/8
   738 | D:2      | Reached skill level 4 in Spellcasting
   892 | D:2      | Found a faded altar of an unknown god.
   908 | D:2      | Reached XP level 3. HP: 19/19 MP: 7/10
   912 | D:2      | Learned a level 3 spell: Stone Arrow
  1020 | D:2      | Reached skill level 1 in Conjurations
  1156 | D:2      | Reached XP level 4. HP: 22/24 MP: 9/12
  1550 | D:2      | Noticed Natasha
  1555 | D:2      | Killed Natasha
  1556 | D:2      | Reached skill level 5 in Spellcasting
  1705 | D:2      | Noticed Natasha
  1711 | D:2      | Killed Natasha
  1712 | D:2      | Reached XP level 5. HP: 23/28 MP: 8/14
  2014 | D:2      | Noticed Natasha
  2016 | D:2      | Killed Natasha
  2910 | D:4      | Reached skill level 1 in Fighting
  2910 | D:4      | Reached skill level 6 in Spellcasting
  3157 | D:4      | Reached XP level 6. HP: 30/34 MP: 10/17
  3206 | D:4      | Learned a level 4 spell: Iskenderun's Mystic Blast
  3434 | D:4      | Noticed Pikel
  3454 | D:4      | Slain by Pikel

Illustrated notes

Levels and vault maps discovered:
D:1:      minmay_arrival_up_and_down, layout_basic,
          minmay_misc_feat_more_columns
D:2:      layout_loops_ring, nicolae_ecumenical_snake_handling, uniq_natasha
D:3:      layout_rooms, minivault_19, dreamdust_princess_bridge
D:4:      layout_basic, uniq_pikel

Skill      XL: |  1  2  3  4  5 |
---------------+----------------+-----
Spellcasting   | 4 5 6 |  6.1
Earth Magic    | 4 |  4.1
Conjurations   | 1 2 3 |  3.4
Fighting       | 1 |  1.4
Dodging        | |  2.4
Stealth        | |  2.4
Translocations | |  0.1
Transmutations | |  1.1

Action                     |  1- 3 |  4- 6 || total
---------------------------+-------+-------++-------
   Cast: Sandblast         |    40 |    79 ||   119
         Stone Arrow       |       |    10 ||    10
    Use: Scroll            |       |     2 ||     2
         Potion            |       |     1 ||     1
 Armour: Robe              |     4 |     2 ||     6
  Dodge: Dodged            |     8 |    16 ||    24
